[Event "*** Titled Tuesday Blitz"]
[Site "Chess.com"]
[Date "2019.07.02"]
[Round "4"]
[White "BlackBoarder"]
[Black "Hamisandwich"]
[Result "1/2-1/2"]
[WhiteElo "2486"]
[BlackElo "2455"]
[TimeControl "180+2"]
[EndTime "13:55:02 PDT"]
[Termination "Game drawn by repetition"]

1. e4 c6 2. Nf3 d5 3. Nc3 a6 4. d4 Bg4 5. h3 Bh5 6. Be2 e6 7. O-O Nf6 8. Ne5 Bxe2 9. Qxe2 Bb4 10. Bg5 Bxc3 11. bxc3 h6 12. Bxf6 gxf6 13. Nd3 Nd7 14. Rab1 b5 15. a4 Qc7 16. axb5 axb5 17. exd5 cxd5 18.
Rxb5 O-O 19. Nc5 Nxc5 20. Rxc5 Qf4 21. Qe3 Qxe3 22. fxe3 f5 23. c4 dxc4 24. Rxc4 Ra3 25. Rf3 Kg7 26. Rc6 Rd8 27. c4 Rc3 28. c5 h5 29. Rc7 h4 30. Rb7 Ra8 31. e4 Ra1+ 32.
Kf2 Ra2+ 33. Kg1 Rc1+ 34. Rf1 Rxf1+ 35. Kxf1 fxe4 36. c6 Rc2 37. Rc7 Kg6 38. Rc8 f5 39. c7 Kg7 40. Ke1 f4 41. Kd1 Rc4 42. Kd2 e3+ 43.
Kd3 Rc1 44. Ke2 Rc2+ 45. Kd3 e2 46. Kxc2 e1=Q 47. Rg8+ Kxg8 48. c8=Q+ Kf7 49. Qc7+ Ke8 50. Qxf4 Qe2+ 51. Kc3 Qxg2 52. Qxh4 Qf3+ 53. Kc4 Qd5+ 54. Kd3 Qf3+ 55. Kd2 Kd7 56. Qg4 Qf2+ 57. Kd3 Qf1+ 58.
Ke3 Qe1+ 59. Kf4 Qc1+ 60. Ke5 Qe3+ 61. Kf6 Qf2+ 62. Kg7 Kd6 63. h4 Ke7 64. Qg5+ Ke8 65. Qh5+ Ke7 66. Qc5+ Ke8 67. h5 Qf7+ 68. Kh6 Qf6+ 69.
Kh7 Qf7+ 70. Kh6 Qf6+ 71. Kh7 Qf7+ 72. Kh6 1/2-1/2

[Event "*** Titled Tuesday Blitz"]
[Site "Chess.com"]
[Date "2019.07.02"]
[Round "4"]
[White "novocane"]
[Black "silverback96"]
[Result "1-0"]
[WhiteElo "2251"]
[BlackElo "2092"]
[TimeControl "180+2"]
[EndTime "13:55:02 PDT"]
[Termination "novocane won by resignation"]

1. d4 Nf6 2. c4 g6 3. Nc3 Bg7 4. e4 O-O 5. f3 c5 6. d5 d6 7. Bg5 h6 8. Be3 e6 9. Qd2 exd5 10.
cxd5 a6 11. a4 h5 12. Bg5 Qe8 13. Nge2 Nbd7 14. Ng3 Nh7 15. Bh6 h4 16. Bxg7 Kxg7 17.
Nge2 Ne5 18. Nf4 f5 19. Be2 g5 20. Ne6+ Bxe6 21. dxe6 Qxe6 22. exf5 Rxf5 23. O-O Rd8 24. f4 Ng6 25. fxg5 Rxg5 26. Rae1 Ne5 27. Ne4 Rxg2+ 28.
Kxg2 Qg6+ 29. Kh3 Qxe4 30. Rg1+ Ng6 31. Rxg6+ Kxg6 32. Bd3 Ng5+ 33. Qxg5+ Kxg5 34. Rxe4 d5 35. Rg4+ Kf6 36. Rxh4 c4 37. Bf1 b5 38. Rh6+ Ke5 39.
Rxa6 d4 40. axb5 d3 41. Ra1 Kd4 42. b6 Rb8 43. Ra6 Ke3 44. Ra1 Rxb6 45. Kg4 Rxb2 46. h4 Rc2 47. h5 d2 48. Rd1 c3 49.
h6 Rc1 50. h7 Rxd1 51. h8=Q Rxf1 52. Qxc3+ Ke2 53. Qc2 Rg1+ 54. Kf4 Ke1 55. Ke3 Rg3+ 56. Kf4 Rg2 57. Qe4+ Kf1 58. Qd3+ Re2 59. Kf3 d1=Q 60.
Qxd1+ Re1 61. Qd2 1-0

[Event "*** Titled Tuesday Blitz"]
[Site "Chess.com"]
[Date "2019.07.02"]
[Round "4"]
[White "FedaMaster"]
[Black "Keithonsky"]
[Result "1-0"]
[WhiteElo "2508"]
[BlackElo "2446"]
[TimeControl "180+2"]
[EndTime "13:55:03 PDT"]
[Termination "FedaMaster won by resignation"]

1. e4 e6 2. Qe2 Be7 3. Nf3 d5 4. e5 c5 5. g3 Nc6 6. Bg2 f6 7. O-O Qc7 8. Re1 fxe5 9. Nxe5 Nxe5 10. Qxe5 Qxe5 11. Rxe5 Bf6 12. Re1 Kf7 13. d3 Ne7 14. c3 Re8 15. Nd2 b6 16. Nf3 Ba6 17. Bf1 h6 18.
Be3 Nf5 19. Bf4 g5 20. Be5 Be7 21. a4 g4 22. Nd2 Rac8 23. a5 b5 24. h3 h5 25.
hxg4 hxg4 26. Be2 Rg8 27. Nf1 d4 28. Nh2 dxc3 29. bxc3 b4 30. c4 Bb7 31. Bxg4 Rg6 32. Bf3 Bxf3 33. Nxf3 Rcg8 34. Bf4 Rg4 35. Ne5+ Kf6 36.
Nxg4+ Rxg4 37. Be5+ Kf7 38. Re4 Rg8 39. Kg2 Bf6 40.
Bxf6 Kxf6 41. Rae1 Nd4 42. Rf4+ Ke7 43. Rh4 Kd6 44.
Rh7 Nc6 45. Rh6 Re8 46. a6 b3 47. f4 Nd4 48. Rb1 Rg8 49. Kf2 Rb8 50. Rh7 Nc6 51. Rb7 Rh8 52. R1xb3 Rh2+ 53. Kg1 Rh3 54. Kg2 Rh8 55.
g4 Rh4 56. Kg3 Rh1 57. Rb1 Rh8 58. R7b2 Nd4 59. Rh2 Rg8 60. Rb7 Nf5+ 61. Kf3 Nd4+ 62. Kg3 Nf5+ 63. Kh3 Rh8+ 64. Kg2 Ne3+ 65. Kh1 Rf8 66.
Rxa7 Rxf4 67. Ra2 Rf1+ 68. Kh2 Nxg4+ 69. Kg3 Ne3 70. Ra8 Nf5+ 71. Kg2 Ne3+ 72. Kh2 Ke5 73. a7 Ng4+ 74. Kg3 Ne3 75. Re2 1-0

[Event "*** Titled Tuesday Blitz"]
[Site "Chess.com"]
[Date "2019.07.02"]
[Round "4"]
[White "kosya4ok"]
[Black "shnitez"]
[Result "1/2-1/2"]
[WhiteElo "2761"]
[BlackElo "2571"]
[TimeControl "180+2"]
[EndTime "13:55:07 PDT"]
[Termination "Game drawn by repetition"]

1. c4 Nf6 2. Nc3 b6 3. e4 e5 4. Nf3 Nc6 5. a3 a5 6. d4 exd4 7. Nxd4 Nxd4 8. Qxd4 Bc5 9. Qd3 O-O 10. f3 h6 11. Be3 Bxe3 12. Qxe3 Re8 13. Be2 d6 14.
O-O a4 15. Rfd1 Nd7 16. Rd5 Nc5 17. Qf4 Qe7 18. Rad1 Bb7 19. Rh5 Ra5 20. Qg3 Qf6 21. Rf5 Qg6 22. Qf2 Bc8 23. Rfd5 Be6 24. R5d2 Nb3 25.
Rc2 f5 26. Bd3 Nc5 27. exf5 Nxd3 28. fxg6 Nxf2 29. Kxf2 Bxc4 30. g4 Bb3 31. Rdd2 Bxc2 32. Rxc2 Re6 33. Ne4 c5 34. Rd2 Rxg6 35. Nxd6 Re6 36.
Nf5 Rb5 37. h4 Rb3 38. h5 b5 39. Kg3 b4 40. axb4 cxb4 41. Nd4 Ree3 42. Nxb3 Rxb3 43. Kf4 Kh7 44. Ke4 a3 45. bxa3 bxa3 46. Rd7 Rb4+ 47. Ke3 Ra4 48. Rd1 a2 49. Ra1 Kg8 50. Kd3 Kf7 51. Kc3 Ra3+ 52. Kb4 Rxf3 53. Rxa2 Rf4+ 54. Kc5 Rxg4 55. Rh2 Ke6 56. Rh1 Kf5 57. Kd5 Kg5 58.
Ke5 Rg2 59. Ke4 Rg3 60. Rh2 Kg4 61. Rh1 Rg2 62. Ke3 Kg3 63. Ke4 Kg4 64. Ke3 Rg3+ 65. Ke4 Kg5 66. Rh2 Rg1 67. Kf3 Rg4 68. Rh1 Ra4 69.
Rg1+ Kf6 70. Rh1 Rb4 71. Ke3 Ra4 72. Kf3 Ra5 73. Kf4 Ra3 74. Kg4 Rb3 75. Rf1+ Ke7 76. Re1+ Kf7 77. Rf1+ Kg8 78. Rf4 Rb5 79. Kh4 Ra5 80. Kg4 Ra7 81. Rc4 Rf7 82. Rc8+ Kh7 83. Rc4 Rf1 84. Rc8 Rg1+ 85. Kh4 Rh1+ 86. Kg4 Rg1+ 87.
Kh4 Rh1+ 88. Kg4 Rg1+ 1/2-1/2

[Event "*** Titled Tuesday Blitz"]
[Site "Chess.com"]
[Date "2019.07.02"]
[Round "4"]
[White "LucaBrasi1968"]
[Black "Andrii_Prydun"]
[Result "1-0"]
[WhiteElo "2419"]
[BlackElo "2286"]
[TimeControl "180+2"]
[EndTime "13:55:13 PDT"]
[Termination "LucaBrasi1968 won by resignation"]

1. d4 d5 2. c4 c6 3. cxd5 cxd5 4. Bf4 Nf6 5. Nc3 e6 6. Rc1 a6 7. e3 Bd6 8. Bg3 O-O 9. Nf3 Nc6 10. Bd3 Re8 11.
a3 e5 12. dxe5 Nxe5 13. Nxe5 Bxe5 14. Bxe5 Rxe5 15. Ne2 Bg4 16. O-O Qd6 17. Qc2 Bxe2 18. Bxe2 d4 19. exd4 Qxd4 20. Bf3 Rb5 21. b4 Re8 22.
Rfd1 Qf4 23. Qc7 Rbe5 24. Qc3 R5e7 25. h3 h6 26. Re1 Rxe1+ 27. Rxe1 Rxe1+ 28. Qxe1 Qc7 29. Qe3 b6 30. Qd4 a5 31. bxa5 bxa5 32. a4 Nd7 33. Be2 Nc5 34. Bb5 Ne6 35. Qe3 Qd6 36. Qc3 Qd1+ 37.
Kh2 Qd6+ 38. Kg1 Qd1+ 39. Kh2 Qd8 40. Qe5 Qb6 41. Kg1 Qc5 42. Qe2 Qd4 43. Qf3 Qa1+ 44.
Kh2 Qd4 45. Qa8+ Kh7 46. Qf3 Qb2 47. Qxf7 Ng5 48. Qf5+ Kg8 49. Bc4+ Kh8 50. Qf8+ Kh7 51. Bd3+ g6 52. Qe7+ Qg7 53. Qxg7+ Kxg7 54. Kg3 Kf6 55. Kf4 Ne6+ 56. Ke3 Nc5 57. Bb5 Ke5 58. f4+ Kd5 59. g4 g5 60. f5 Ke5 61. Bc6 Na6 62. Bb5 Nc5 63. Be8 Nb3 64. Kd3 Nd4 65.
f6 Ne6 66. f7 Kf6 67. Kc4 Ke7 68. Kb5 Nf4 69. Kxa5 Nxh3 70. Kb6 Nf4 71. a5 Nd5+ 72.
Kc6 Nb4+ 73. Kc5 Na6+ 74. Kb6 Nb8 75. Kb7 Na6 76. Kxa6 1-0

[Event "*** Titled Tuesday Blitz"]
[Site "Chess.com"]
[Date "2019.07.02"]
[Round "4"]
[White "Naruto-K"]
[Black "Cruel_Yaro"]
[Result "1/2-1/2"]
[WhiteElo "2532"]
[BlackElo "2746"]
[TimeControl "180+2"]
[EndTime "13:55:14 PDT"]
[Termination "Game drawn by repetition"]

1. Nf3 e6 2. c4 f5 3. d4 Nf6 4.
g3 d5 5. Bg2 c6 6. O-O Bd6 7.
Bf4 Bxf4 8. gxf4 O-O 9. Ne5 b6 10. Nc3 Ba6 11. b3 Qd6 12. Rc1 Nbd7 13. Qd2 Rac8 14. Kh1 Rfd8 15. Rfd1 Qe7 16. Nxd7 Qxd7 17. cxd5 cxd5 18. Nb1 Ne4 19. Bxe4 fxe4 20. Na3 Qd6 21. Nc2 Rf8 22. e3 Qe7 23. Ne1 Rce8 24. Rc2 g5 25.
Ng2 Bd3 26. Rc6 h6 27. Rdc1 Rf7 28. Qd1 Kg7 29. Qh5 Ref8 30. h4 Qf6 31. Rc7 Qg6 32. Qg4 gxh4 33. Qxh4 Be2 34. Qg3 Rxc7 35. Rxc7+ Rf7 36.
Qxg6+ Kxg6 37. Rc6 Kf6 38. Kh2 Rg7 39. Ne1 Bb5 40. Rc8 Ba6 41. Rc2 h5 42. Rc1 Bf1 43. Rc8 Ba6 44. Rc2 Bf1 45. f3 Kf5 46. Rf2 Ba6 47. Rg2 Rxg2+ 48. Kxg2 h4 49. Kf2 h3 50. Kg3 Bf1 51. Kh2 a5 52. a3 b5 53. b4 a4 54. Kg3 exf3 55. Nxf3 Bg2 56. Nd2 Kf6 57. Kf2 Kg6 58. Kg3 Kf5 59. Nb1 Bf1 60. Nd2 Bg2 61.
Nb1 Bf1 62. Nd2 Bg2 1/2-1/2

[Event "*** Titled Tuesday Blitz"]
[Site "Chess.com"]
[Date "2019.07.02"]
[Round "4"]
[White "iturrizaga"]
[Black "Genghis_K"]
[Result "1-0"]
[WhiteElo "2947"]
[BlackElo "2820"]
[TimeControl "180+2"]
[EndTime "13:55:18 PDT"]
[Termination "iturrizaga won by resignation"]

1. c4 Nf6 2. Nc3 g6 3. e4 d6 4. d4 Bg7 5. g3 O-O 6. Bg2 c5 7. Nge2 cxd4 8. Nxd4 Nc6 9. Nde2 Be6 10. b3 a6 11. a4 Nd7 12. O-O Nc5 13. Be3 Nb4 14.
Rb1 a5 15. Qd2 Re8 16. Nd4 Bd7 17. Rfd1 Qc8 18. Ndb5 Bg4 19. f3 Be6 20. h4 h5 21.
Kh2 Kh7 22. Nd4 Bd7 23. Nde2 b6 24. Nf4 Qb7 25. Nfd5 Nc6 26. Nb5 Rad8 27. f4 Bg4 28.
Rf1 e6 29. Ndc3 Qe7 30. Rf2 Nb4 31. Rff1 d5 32. cxd5 exd5 33. e5 Ne4 34. Nxe4 dxe4 35. Qf2 Nd3 36. Qg1 Bf5 37. Bxb6 Rc8 38. Nd6 Rc2 39.
Kh1 Rb8 40. Be3 Qe6 41. Nb5 Bh3 42. Bxe4 Bf5 43. Bf3 Be4 44. g4 Bxf3+ 45. Rxf3 hxg4 46. Nd4 Qd5 47. Qxg4 Rf2 48. Kg1 Rxf3 49. Qxf3 Qd7 50. h5 Rb4 51. hxg6+ fxg6 52. e6 Qe8 53. Qh3+ Kg8 54.
Rd1 Bxd4 55. Rxd3 Bxe3+ 56. Qxe3 Rb7 57. Qe5 Re7 58. Rh3 Rg7 59. Rd3 Re7 60. Rh3 Rg7 61.
Qf6 Qc8 62. Rc3 Qe8 63. Rd3 Re7 64. Rd6 Kh7 65. Qxe7+ Qxe7 66. Rd7 Qg7 67. Kf2 Kh6 68. Rxg7 Kxg7 69. Ke3 Kf6 70. Kd4 Kxe6 71. b4 axb4 72. Kc4 Kf5 73. a5 g5 74. fxg5 1-0

[Event "*** Titled Tuesday Blitz"]
[Site "Chess.com"]
[Date "2019.07.02"]
[Round "4"]
[White "ChessWarrior7197"]
[Black "Infernal_XaM"]
[Result "1-0"]
[WhiteElo "2845"]
[BlackElo "2876"]
[TimeControl "180+2"]
[EndTime "13:55:18 PDT"]
[Termination "ChessWarrior7197 won by resignation"]

1. e4 e5 2. Nf3 Nf6 3. Nxe5 Nxe4 4. Qe2 Qe7 5. Qxe4 d6 6. d4 dxe5 7. dxe5 Nc6 8. Nc3 Qxe5 9. Bf4 Qxe4+ 10. Nxe4 Bf5 11.
Bd3 O-O-O 12. O-O-O Bg6 13. a3 Be7 14. Rhe1 Rhe8 15.
f3 h6 16. c3 Bh4 17. g3 Be7 18. Bc2 Na5 19. Rxd8+ Rxd8 20. Nd2 Bf8 21. Bxg6 fxg6 22. h4 Kd7 23. b4 Nc6 24. Kc2 Ne7 25. Nc4 Kc8 26.
Ne5 Rd6 27. Nd3 Rf6 28. c4 Nf5 29. Kc3 Bd6 30. Bxd6 Rxd6 31. Rg1 Nd4 32. Rf1 Ne2+ 33. Kd2 Nxg3 34. Rg1 Nf5 35. c5 Rf6 36. Rg4 h5 37. Re4 b6 38. Ne5 bxc5 39. bxc5 Ne7 40. Ke2 Nc6 41.
Nd3 Kd7 42. Nf4 Nd8 43. Kf2 Ra6 44. a4 Rc6 45. Nd3 Rf6 46. Rd4+ Ke7 47. Rb4 Nc6 48.
Re4+ Kd7 49. Nf4 a5 50. Kg3 Nb4 51. Rd4+ Kc6 52. Rc4 Nd5 53. Nd3 Rf5 54. Re4 g5 55. Re6+ Kd7 56. Rg6 gxh4+ 57. Kxh4 Nf4 58. Rxg7+ Kc6 59.
Nxf4 Rxf4+ 60. Kg3 Rxa4 61. f4 Ra3+ 62. Kg2 h4 63. Rh7 Rg3+ 64. Kf2 Rh3 65. Kg2 Rg3+ 66. Kf2 Rg7 67. Rxg7 a4 68. Rh7 a3 69. Rxh4 Kxc5 70. Rh1 1-0

[Event "*** Titled Tuesday Blitz"]
[Site "Chess.com"]
[Date "2019.07.02"]
[Round "4"]
[White "Berardino"]
[Black "lionheart95"]
[Result "1/2-1/2"]
[WhiteElo "2531"]
[BlackElo "2433"]
[TimeControl "180+2"]
[EndTime "13:55:21 PDT"]
[Termination "Game drawn by repetition"]

1. d4 d5 2. c4 e6 3. Nc3 c6 4. e3 Nf6 5. Nf3 Nbd7 6. Qc2 Bd6 7. Bd3 O-O 8. O-O dxc4 9. Bxc4 a6 10. a4 c5 11.
dxc5 Nxc5 12. b4 Ncd7 13. Rb1 Qc7 14. Ne4 Nxe4 15. Qxe4 Nf6 16. Qh4 e5 17. Bb2 Bg4 18. Rbc1 Qe7 19. b5 axb5 20. Bxb5 Rac8 21. h3 Bxf3 22.
gxf3 Ba3 23. Bxa3 Qxa3 24. Rxc8 Rxc8 25. Kg2 h6 26. Rd1 Kh7 27. Bd3+ Kg8 28. Bb5 Kh7 29.
Bd3+ Kh8 30. Bb5 Qc5 31. Qg3 e4 32. f4 Qc2 33. Rd6 Qb1 34. Kh2 Rc1 35. Rd8+ Kh7 36. Qg2 Qb4 37. Rb8 Qe7 38. Qg3 Qc7 39. f5 Qe7 40.
Ra8 Nh5 41. Qb8 Qc7+ 42. Qxc7 Rxc7 43. Rd8 g6 44. fxg6+ Kxg6 45. Rd6+ Nf6 46. Rb6 Kf5 47. a5 h5 48. Be2 Rc2 49. Rb5+ Kg6 50. Bf1 Rxf2+ 51.
Kg1 Ra2 52. Bc4 Ra3 53. Kf2 Nd7 54. Bd5 f5 55. Bxb7 h4 56. Bc8 Ra2+ 57. Ke1 Nf6 58.
Bxf5+ Kg7 59. Bc8 Ne8 60. a6 Nd6 61. Rc5 Nxc8 62. Rxc8 Rxa6 63. Re8 Ra4 64. Kd2 Ra2+ 65. Kc3 Rh2 66. Rxe4 Rxh3 67. Kd4 Kf7 68. Rg4 Rh1 69. e4 h3 70. Ke5 Rh2 71. Rh4 Rh1 72.
Rh7+ Kg8 73. Rh4 Kf7 74. Rh5 Kg6 75. Rh8 Kg7 76. Rh4 Kf7 1/2-1/2

[Event "*** Titled Tuesday Blitz"]
[Site "Chess.com"]
[Date "2019.07.02"]
[Round "4"]
[White "Synctel"]
[Black "sandager"]
[Result "1-0"]
[WhiteElo "2000"]
[BlackElo "2122"]
[TimeControl "180+2"]
[EndTime "13:55:29 PDT"]
[Termination "Synctel won by resignation"]

1. d4 Nf6 2. Nf3 g6 3. Bf4 Bg7 4. c3 d5 5. e3 O-O 6. Be2 c5 7. O-O Nc6 8. h3 b6 9. Nbd2 Bb7 10.
Ne5 Nd7 11. Nxc6 Bxc6 12. Nf3 Re8 13. b4 e5 14. Bh2 e4 15. Nd2 c4 16. a4 a6 17. Re1 Qe7 18. f3 Bh6 19. Nf1 Nf6 20.
f4 Qd7 21. g4 Bf8 22. g5 Nh5 23. Bxh5 gxh5 24. Qxh5 Bxa4 25. Ng3 Bc6 26. f5 a5 27.
bxa5 bxa5 28. Rf1 Ra6 29. f6 Bb7 30. Nf5 Kh8 31. Nh6 Bxh6 32. Qxh6 Rg8 33. Rf4 Bc8 34. Rh4 Qf5 35. Bf4 Qg6 36. Qxg6 Rxg6 37. Rh6 Rxh6 38.
gxh6 a4 39. Ra3 Bd7 40. Be5 Kg8 41. Kf2 Kf8 42. Kg3 Ke8 43. Kf4 Kd8 44. h4 Be6 45. Kg3 Kd7 46. Kf4 Kc6 47. Kg3 Kb5 48. Kf2 Ra8 49. Ke1 Rg8 50. Kf2 Rg4 51. Ra1 Rxh4 52. Bf4 Rg4 53. Rb1+ Ka6 54. Rb4 Bd7 55. Rb8 Bb5 56.
Bd6 Rg6 57. Bc5 Rxf6+ 58. Ke1 Rxh6 59. Ra8+ Kb7 60. Ra7+ Kc6 61. Rxf7 Rh2 62. Rf6+ Kc7 63. Bd6+ Kd7 64. Bxh2 Bc6 65. Bd6 h5 66. Ba3 Kc7 67.
Rf7+ Bd7 68. Rh7 Kc6 69. Rxh5 Bg4 70. Rg5 Bf3 71. Rg6+ Kb5 72. Rd6 Ka5 73. Rxd5+ Kb6 74. Rc5 Ka6 75. Rxc4 Bh5 76. Rc6+ Kb5 77. Rc5+ Ka6 78.
Rxh5 Kb6 1-0

[Event "*** Titled Tuesday Blitz"]
[Site "Chess.com"]
[Date "2019.07.02"]
[Round "4"]
[White "RitvarsReimanis"]
[Black "AryanTari"]
[Result "1/2-1/2"]
[WhiteElo "2583"]
[BlackElo "2814"]
[TimeControl "180+2"]
[EndTime "13:55:50 PDT"]
[Termination "Game drawn by agreement"]

1. d4 Nf6 2. c4 g6 3. Nc3 d5 4. e3 Bg7 5. Qb3 e6 6. Nf3 O-O 7. cxd5 exd5 8. Be2 c5 9. O-O c4 10. Qd1 Nc6 11. Ne5 Be6 12. f4 Nxe5 13. fxe5 Nd7 14. b3 cxb3 15. axb3 a6 16. Ba3 Re8 17. Bf3 Nb6 18. Bc5 Rc8 19. Bxb6 Qxb6 20. Nxd5 Qb5 21. e4 Kh8 22. Rb1 a5 23. Qd2 Red8 24. Rfd1 b6 25. Be2 Qc6 26. Ne7 Qxe4 27. Nxc8 Bxc8 28. Bf3 Qh4 29. Qf2 Qe7 30. Rbc1 Bf5 31. g4 Bd7 32. h3 b5 33. Bg2 a4 34. bxa4 bxa4 35. Rc7 Qe8 36. Ra7 Be6 37. Rc1 Bb3 38. Kh1 h6 39.
d5 Qxe5 40. Qxf7 Rf8 41. Qxg6 Bxd5 42. Qxg7+ Qxg7 43. Rxg7 Bxg2+ 44. Kxg2 Kxg7 45. Ra1 Ra8 46. Kf3 a3 47. h4 Kf6 48. g5+ hxg5 49. hxg5+ Kxg5 50.
Ke4 Kg4 51. Rg1+ Kh3 52. Kd3 Rb8 53. Ra1 Rb3+ 54. Kc4 Rg3 55. Kb4 Kg4 56. Rxa3 Rg1 57. Rc3 Re1 58. Rc4+ Kf3 59. Rc8 Re4+ 60. Rc4 Re7 61.
Rc3+ Ke4 62. Rc1 Rb7+ 63. Kc3 Rc7+ 64. Kd2 Ra7 65. Rc4+ Kf3 66. Rc3+ Kf2 67. Rb3 Rd7+ 68. Rd3 Ra7 69. Rb3 Re7 70. Rh3 Re2+ 71. Kd3 Re8 72. Kd4 Rd8+ 73. Ke5 Kg2 74. Rb3 Re8+ 75. Kf5 Re1 76. Kf4 Rf1+ 77. Kg4 Rf2 78. Rg3+ Kh1 79. Rb3 Rg2+ 80. Kh3 Rh2+ 81. Kg3 Rg2+ 82. Kh3 Rh2+ 83. Kg3 Rg2+ 84. Kf3 Rg8 85. Rb4 Rh8 86. Rb1+ Kh2 87. Rc1 Rf8+ 88. Ke4 Kg3 89. Rc7 Rf4+ 90. Ke5 Rf1 1/2-1/2

[Event "*** Titled Tuesday Blitz"]
[Site "Chess.com"]
[Date "2019.07.02"]
[Round "4"]
[White "bascheyaro"]
[Black "Hrant_ChessMood"]
[Result "0-1"]
[WhiteElo "2753"]
[BlackElo "2957"]
[TimeControl "180+2"]
[EndTime "13:56:11 PDT"]
[Termination "Hrant_ChessMood won by resignation"]

1. d4 Nf6 2. c4 g6 3. Nf3 Bg7 4. g3 b6 5. Bg2 Bb7 6. O-O O-O 7. Nc3 Ne4 8. Nxe4 Bxe4 9. b3 c5 10. Bb2 Nc6 11. e3 d5 12. Qc1 cxd4 13. Nxd4 Nxd4 14. Bxd4 Bxd4 15. exd4 Bxg2 16. Kxg2 dxc4 17. Qxc4 Rc8 18. Qa4 Qd5+ 19. Kg1 Rc7 20. Rfe1 Rd8 21. Rad1 e6 22. h4 a5 23. b4 Rc4 24. a3 axb4 25. axb4 Rxd4 26.
Rxd4 Qxd4 27. Qb5 h5 28. Re3 Kg7 29. Rf3 Qa1+ 30. Kg2 Rd1 31. Rd3 Rg1+ 32. Kf3 Qf6+ 33. Ke2 Rb1 34. Qxb6 Qe5+ 35. Qe3 Qb2+ 36. Kf3 Qf6+ 37.
Kg2 Rxb4 38. Qf3 Qe7 39. Ra3 Rd4 40. Qc3 Qb7+ 41. Kh2 e5 42. Qe3 Qd5 43. Rc3 Rd1 44.
Qf3 e4 45. Qe3 Rd3 46. Qc5 Qe6 47. Rxd3 exd3 48. Qd4+ Qf6 49. Qxd3 Qxf2+ 50. Kh1 Qf6 51. Kh2 Qe5 52. Qa3 Qe2+ 53. Kh3 Kf6 54. Qc3+ Qe5 55. Qa3 Qd5 56. Kh2 Qd2+ 57. Kg1 Ke6 58. Qb3+ Qd5 59. Qe3+ Qe5 60. Qb3+ Qd5 61. Qe3+ Kd6 62. Qb6+ Ke5 63. Qe3+ Qe4 64. Qc5+ Ke6 65. Kh2 Qe2+ 66.
Kg1 Qe5 67. Qc4+ Qd5 68. Qa6+ Kf5 69. Qf1+ Kg4 70. Qe1 Kh3 71. Qe2 Kxg3 72. Qe3+ Kg4 73. Kf2 Qf5+ 74. Ke1 Qf4 75. Qe7 Kh3 76. Ke2 Qg4+ 77.
Kd3 f5 78. Qf6 Qxh4 79. Qe6 Qg3+ 80. Ke2 Qg4+ 81. Kf2 Qd4+ 82. Kf1 Qf4+ 83. Kg1 Qg4+ 84. Kf1 Qg2+ 85. Ke1 Qe4+ 0-1

[Event "*** Titled Tuesday Blitz"]
[Site "Chess.com"]
[Date "2019.07.02"]
[Round "4"]
[White "Lunaticx"]
[Black "TenisMaster"]
[Result "1-0"]
[WhiteElo "2877"]
[BlackElo "2835"]
[TimeControl "180+2"]
[EndTime "13:56:18 PDT"]
[Termination "Lunaticx won by resignation"]

1. d4 Nf6 2. Nf3 d5 3. g3 Bg4 4. Bg2 e6 5. O-O Nbd7 6. Nbd2 c6 7. Re1 Be7 8. e4 O-O 9. c3 a5 10. Qb3 Qb6 11. Qxb6 Nxb6 12. Ne5 Bh5 13. h3 dxe4 14.
Nxe4 Nxe4 15. Bxe4 Rfd8 16. a4 Bd6 17. Nd3 Bg6 18. Bg5 Rd7 19. Bxg6 hxg6 20. b3 Nd5 21. Bd2 Ne7 22. Rad1 Nf5 23. Kf1 Kf8 24. Bf4 Bxf4 25. Nxf4 Ne7 26. Nd3 Nd5 27. Nc5 Rc7 28. c4 Ne7 29.
Rd2 b6 30. Ne4 Rd8 31. g4 Rcd7 32. Red1 f6 33. f4 Kf7 34. Kf2 Rh8 35. Kg3 Rhd8 36. h4 Nc8 37. c5 Rb7 38. Rd3 Rd5 39. Rc1 b5 40. Nc3 Rd8 41. axb5 cxb5 42. Ra1 b4 43. Ne4 Rb5 44. Kf3 Ke7 45. Ke3 Rh8 46. d5 exd5 47. Rxd5 Rxh4 48. Kf3 Rh3+ 49. Ng3 Nb6 50.
Re1+ Kf7 51. Rd6 Rxc5 52. Kg2 Rxg3+ 53. Kxg3 Nd5 54. Rd7+ Kf8 55. f5 gxf5 56. gxf5 Kg8 57. Kh4 Kh7 58. Rg1 Ne3 59. Rdxg7+ Kh8 60. Rg8+ Kh7 61.
R1g7+ Kh6 62. Rg6+ Kh7 63. R8g7+ Kh8 64. Ra7 Nxf5+ 65.
Kg4 Ne3+ 66. Kf3 Nd5 67. Ke4 Nc3+ 68. Kd3 Rd5+ 69. Kc4 Rf5 70. Rh6+ Kg8 71. Rg6+ Kh8 72. Rgg7 Ne4 73. Rgd7 Rg5 74. Rd8+ Rg8 75. Rxg8+ Kxg8 76. Rxa5 Kf7 77. Kxb4 Ke6 78. Kc4 f5 79. Kd4 Nd6 80. Ra6 Kd7 81. Kd5 Ne4 82. Ra7+ Ke8 83. b4 Nc3+ 84. Ke6 Kd8 85. Kxf5 Nd5 86. b5 Nc3 87. b6 Nd5 88. Ra8+ Kd7 89. b7 Ne7+ 90. Kg5 1-0

[Event "*** Titled Tuesday Blitz"]
[Site "Chess.com"]
[Date "2019.07.02"]
[Round "4"]
[White "wadsy27"]
[Black "PaulfromSPb"]
[Result "0-1"]
[WhiteElo "2439"]
[BlackElo "2625"]
[TimeControl "180+2"]
[EndTime "13:56:20 PDT"]
[Termination "PaulfromSPb won by resignation"]

1. c4 e5 2. g3 Nc6 3. Nc3 Nf6 4. Bg2 g6 5. Nf3 Bg7 6. O-O O-O 7. d3 d6 8. Rb1 a5 9. a3 Re8 10. Ne1 Bg4 11.
h3 Be6 12. b4 axb4 13. axb4 Qd7 14. Kh2 d5 15. b5 Nd4 16. e3 dxc4 17. exd4 exd4 18. Ne4 Nxe4 19. Bxe4 Bxh3 20. Ng2 c3 21. Bxb7 Ra2 22. Qf3 Bg4 23. Qd5 Ree2 24. Qxd7 Bxd7 25.
Bd5 Rxf2 26. Rxf2 Rxf2 27. b6 cxb6 28. Rxb6 Be5 29. Bh6 Rb2 30. Ra6 Rb8 31. Ra7 Be8 32. Nh4 Rc8 33. Nf3 Bg7 34. Bc1 Bf6 35. Ng5 Bxg5 36. Bxg5 Rc5 37. Ra8 Rxd5 38. Rxe8+ Kg7 39. Bc1 Kf6 40. Rc8 Re5 41. Rc4 Re2+ 42. Kh3 Ke5 43. Ba3 Re3 44. Rc7 Rxd3 45. Rxf7 c2 46. Bc1 Rd1 47.
Bf4+ Ke6 48. Rc7 d3 49. Kg4 Rf1 50. Bg5 h5+ 51. Kh3 Kf5 52. Bd2 Rd1 53. Bf4 Rf1 54. Bd2 Rh1+ 55. Kg2 Rd1 56. Be3 Ke4 57. Re7+ Kd5 58.
Rc7 d2 59. Rxc2 Rg1+ 60. Bxg1 d1=Q 61. Rf2 Ke6 62. Rf4 g5 63. Rf2 Ke5 64. Rf1 Qe2+ 65. Rf2 Qg4 66. Rf1 h4 67. Bh2 Qe2+ 68. Rf2 h3+ 69.
Kg1 Qe1+ 70. Rf1 Qe3+ 71. Rf2 g4 72. Kf1 Qc1+ 73. Ke2 Qh1 74. Kd2 Ke4 75. Re2+ Kd4 76. Rf2 Kd5 77. Re2 Qf3 78. Re3 Qf2+ 79. Re2 Qf1 80.
Ke3 Kc4 81. Rf2 Qe1+ 82. Re2 Qc3+ 83. Kf4 Qf3+ 0-1

[Event "*** Titled Tuesday Blitz"]
[Site "Chess.com"]
[Date "2019.07.02"]
[Round "4"]
[White "lrestevez"]
[Black "OglazaOskar2005"]
[Result "1-0"]
[WhiteElo "2145"]
[BlackElo "2253"]
[TimeControl "180+2"]
[EndTime "13:57:00 PDT"]
[Termination "lrestevez won by checkmate"]

1. e4 c5 2. Nf3 d6 3. d4 cxd4 4. c3 d3 5. Bxd3 Nc6 6. O-O g6 7. h3 Bg7 8. Qe2 Qc7 9. Nbd2 Nf6 10. Nc4 O-O 11. Bg5 Nd7 12. Ne3 Re8 13. Nd5 Qd8 14.
Rad1 f6 15. Bc1 e6 16. Ne3 Qe7 17. Bc2 Nb6 18. Qd3 Bf8 19. Nc4 Nxc4 20. Qxc4 Bd7 21. Rfe1 Ne5 22. Nxe5 dxe5 23. Qc7 Bc6 24. Qa5 b6 25. Qa6 Red8 26. Be3 Kf7 27. f3 Qc7 28.
Bb3 Bb7 29. Qe2 Bc5 30. Kh1 g5 31. Qc4 Qc6 32. Bxc5 bxc5 33. Qe2 Ba6 34. Bc4 Bxc4 35.
Qxc4 h5 36. Qe2 c4 37. Qe3 a5 38.
h4 Kg6 39. hxg5 fxg5 40. Kh2 h4 41. Rh1 Rd6 42. Qe2 Rad8 43. Rxd6 Rxd6 44. Rd1 Rxd1 45. Qxd1 Qc7 46. Qd2 Kh5 47. Qd1 Kg6 48. Qa4 Kf7 49.
Qb5 Ke7 50. Qa6 Kf6 51. Qa8 Qg7 52. Qd8+ Kg6 53. Qxa5 g4 54. Qa6 Qf6 55. Qxc4 Qf4+ 56.
Kg1 Qe3+ 57. Kf1 g3 58. Qxe6+ Kh7 59. Qf5+ Kg7 60. Qxe5+ Kh7 61. Qf5+ Kh6 62. Qf6+ Kh7 63. Qxh4+ Kg7 64. Qxg3+ Kf7 65. Qc7+ Kg6 66. Qc6+ Kg5 67. Qd5+ Kh4 68. Qd1 Kg5 69. Qe1 Qd3+ 70. Kg1 Kf4 71. e5 Qd5 72. e6 Qc5+ 73. Kh1 Qh5+ 74. Kg1 Qc5+ 75. Kf1 Qb5+ 76. Qe2 Qh5 77. Qe4+ Kg3 78. Qg4+ Qxg4 79. fxg4 Kh2 80. e7 Kg3 81. g5 Kh2 82. g6 Kg3 83. g7 Kf4 84. e8=Q Kf5 85. Qf7+ Ke4 86. g8=Q Kd3 87. Qc4+ Kc2 88. Qg6+ Kc1 89. Qg5+ Kb1 90. Qf5+ Ka1 91. Qf2 Kb1 92. Qe1+ Kc2 93. Qb3+ Kd3 94. Qd5+ Kc2 95. Qed1+ Kxb2 96. Q5b3# 1-0

[Event "*** Titled Tuesday Blitz"]
[Site "Chess.com"]
[Date "2019.07.02"]
[Round "4"]
[White "SmoothAsAHedgehog"]
[Black "LisikValera"]
[Result "0-1"]
[WhiteElo "2596"]
[BlackElo "2430"]
[TimeControl "180+2"]
[EndTime "13:57:17 PDT"]
[Termination "LisikValera won by checkmate"]

1. d4 d5 2. c4 c6 3. Nf3 Nf6 4. Qc2 Bg4 5. Ne5 e6 6. Nxg4 Nxg4 7. h3 Nf6 8. g3 Bd6 9. Bg2 O-O 10. O-O dxc4 11.
Qxc4 e5 12. dxe5 Bxe5 13. Nc3 Nbd7 14. Rd1 Qe7 15. Bg5 h6 16. Be3 Bxg3 17. Bxa7 Rxa7 18. fxg3 Ra5 19. Kh2 Re5 20. Qf4 Nc5 21. Rac1 Nce4 22. Nxe4 Nxe4 23. Rc2 Re8 24. Rd4 Nf6 25. Bf3 Nd5 26.
Qd2 Ne3 27. Rc1 Qg5 28. b4 h5 29. h4 Qg6 30. a4 Nf5 31. Qf4 Nxd4 32. Qxd4 Qf6 33.
Qd2 Qe7 34. Rc2 g6 35. Rb2 Rd8 36. Qh6 Qf6 37. Qc1 Re6 38. b5 cxb5 39. axb5 b6 40.
Qb1 Red6 41. Qc1 Rd1 42. Qc2 Qd4 43. Bg2 Qg1+ 44. Kh3 Qd4 45. Rb3 Rd2 46. Qc7 Rxe2 47. Rf3 Qd7+ 48. Qxd7 Rxd7 49. Rb3 Rd6 50. Bc6 Re5 51. Ra3 Re7 52. Ra6 Re3 53. Rxb6 Rdd3 54. Rb8+ Kg7 55. b6 Rxg3+ 56. Kh2 Rge3 57. Kg2 Rd2+ 58. Kf1 Rb3 59. Ke1 Rc2 60. Bf3 Rb1+ 61. Bd1 Rcc1 62. Rd8 Rxd1+ 63. Rxd1 Rxb6 64. Rd4 f6 65. Kf2 Kh6 66. Kg3 g5 67. hxg5+ fxg5 68. Rd8 Kg6 69. Rd5 Rb3+ 70. Kg2 h4 71. Kh2 Kh5 72. Rd4 Rf3 73. Ra4 Rf4 74. Ra2 Rb4 75.
Rg2 g4 76. Ra2 Kg5 77. Ra5+ Kf4 78. Ra2 Re4 79. Rf2+ Ke3 80. Ra2 Rd4 81. Ra3+ Rd3 82. Ra4 Rd2+ 83. Kg1 Rd4 84. Ra3+ Kf4 85. Kh2 Rd2+ 86.
Kg1 Re2 87. Ra4+ Re4 88. Ra3 Re3 89. Ra4+ Kg3 90. Ra1 h3 91. Rb1 Kf3 92. Rf1+ Ke2 93. Rf4 g3 94. Rh4 Kf3 95. Kf1 g2+ 96. Kg1 Re1+ 97.
Kh2 g1=Q+ 98. Kxh3 Qg3# 0-1